PR
TULSA OTTERS @ INDIANA LEAD SOX
05/07/2041
 
TOP OF THE 1ST
Tulsa Otters batting - Pitching for Indiana Lead Sox : RHP Robert Young
Pitching: RHP Robert Young
Batting: LHB Cisco Gracía 0-0: Ball
1-0: Called Strike
1-1: Ball
2-1: Called Strike
2-2: Foul Ball, location: 2F
2-2: Ground out 4-3 (Groundball, 4, EV 104.4 MPH)
Batting: RHB Chad Brown 0-0: Ball
1-0: Called Strike
1-1: Swinging Strike
1-2: Ball
2-2: Strikes out looking
Batting: RHB Guillermo Dettori 0-0: Ball
1-0: Called Strike
1-1: Ball
2-1: Ball
3-1: Base on Balls
Batting: RHB Jeff Weber 0-0: Swinging Strike
0-1: Foul Ball, location: 2F
0-2: Strikes out looking
Top of the 1st over - 0 runs, 0 hits, 0 errors, 1 left on base; Tulsa 0 - Indiana 0
BOTTOM OF THE 1ST
Indiana Lead Sox batting - Pitching for Tulsa Otters : RHP Floyd Emery
Pitching: RHP Floyd Emery
Batting: RHB Corey Joseph 0-0: Called Strike
0-1: Ball
1-1: Ball
2-1: Foul Ball, location: 2F
2-2: Strikes out swinging
Batting: RHB Rich Pope 0-0: Foul Ball, location: 2F
0-1: Ball
1-1: Ball
2-1: Ball
3-1: Ground out U3 (Groundball, 34, EV 98.8 MPH)
Batting: LHB David Davis 0-0: Ball
1-0: Swinging Strike
1-1: Ball
2-1: Ball
3-1: Foul Ball, location: 2F
3-2: Foul Ball, location: 2F
3-2: Fly out, F9 (Line Drive, 9D, EV 95.6 MPH)
Bottom of the 1st over - 0 runs, 0 hits, 0 errors, 0 left on base; Tulsa 0 - Indiana 0
TOP OF THE 2ND
Tulsa Otters batting - Pitching for Indiana Lead Sox : RHP Robert Young
Batting: LHB Andrew O'Reilly 0-0: Ground out 1-3 (Groundball, 15, EV 65.0 MPH)
Batting: RHB Jack Covas 0-0: Swinging Strike
0-1: Called Strike
0-2: Ball
1-2: Foul Ball, location: 2F
1-2: Ball
2-2: Ground out U3 (Groundball, 3, EV 88.8 MPH)
Batting: LHB Andrew Gray 0-0: Ball
1-0: Called Strike
1-1: Ball
2-1: Ball
3-1: Foul Ball, location: 2F
3-2: Base on Balls
Batting: LHB Mike Reynolds 0-0: Called Strike
0-1: Swinging Strike
0-2: Ball
1-2: Ball
2-2: Ball
3-2: Fly out, F8 (Flyball, 78S, EV 96.9 MPH)
Top of the 2nd over - 0 runs, 0 hits, 0 errors, 1 left on base; Tulsa 0 - Indiana 0
BOTTOM OF THE 2ND
Indiana Lead Sox batting - Pitching for Tulsa Otters : RHP Floyd Emery
Batting: RHB John Williams 0-0: Called Strike
0-1: Ball
1-1: SINGLE (Line Drive, 9S, EV 96.2 MPH)
Batting: LHB Brad Dyer 0-0: Ball
1-0: Ball
2-0: Foul Ball, location: 2F
2-1: Ball
3-1: Foul Ball, location: 2F
3-2: Base on Balls
John Williams to second
Batting: RHB Jason Conway 0-0: Swinging Strike
0-1: Swinging Strike
0-2: Ball
Wild Pitch!
John Williams to third
Brad Dyer to second
1-2: Strikes out swinging
Batting: SHB Tom Gray 0-0: DOUBLE (Line Drive, 9LS, EV 93.1 MPH)
John Williams scores
Brad Dyer scores
Batting: RHB Aimo Joenlahti 0-0: Ball
1-0: Ball
Tom Gray is caught stealing 3rd base 2-5
2-0: Ball
3-0: Base on Balls
Batting: LHB David Graham 0-0: Swinging Strike
0-1: Called Strike
0-2: SINGLE (Groundball, 4, EV 100.6 MPH) (infield hit)
Aimo Joenlahti to second
Batting: RHB Corey Joseph 0-0: Called Strike
0-1: Ball
1-1: SINGLE (Flyball, 89S, EV 90.6 MPH)
Aimo Joenlahti to third
David Graham to second
Runner from 3rd tries for Home, SAFE, no throw by RF
Batting: RHB Rich Pope 0-0: Ball
1-0: Ball
2-0: Foul Ball, location: 2F
2-1: Swinging Strike
2-2: Strikes out swinging
Bottom of the 2nd over - 3 runs, 4 hits, 0 errors, 2 left on base; Tulsa 0 - Indiana 3
TOP OF THE 3RD
Tulsa Otters batting - Pitching for Indiana Lead Sox : RHP Robert Young
Batting: RHB Cédric Dumas 0-0: Foul Ball, location: 2F
0-1: Swinging Strike
0-2: Ball
1-2: Ground out 3-1 (Groundball, 34, EV 82.5 MPH)
Batting: LHB Cisco Gracía 0-0: Called Strike
0-1: Foul Ball, location: 2F
0-2: Ball
1-2: Ball
2-2: Ball
3-2: Strikes out swinging
Batting: RHB Chad Brown 0-0: Called Strike
0-1: Called Strike
0-2: Strikes out swinging
Top of the 3rd over - 0 runs, 0 hits, 0 errors, 0 left on base; Tulsa 0 - Indiana 3
BOTTOM OF THE 3RD
Indiana Lead Sox batting - Pitching for Tulsa Otters : RHP Floyd Emery
Batting: LHB David Davis 0-0: Foul Ball, location: 2F
0-1: Called Strike
0-2: Ball
1-2: Foul Ball, location: 2F
1-2: Ball
2-2: Foul Ball, location: 2F
2-2: TRIPLE (Flyball, 89XD, EV 107.5 MPH)
Batting: RHB John Williams 0-0: Fly out, F9 (Flyball, 89S, EV 91.9 MPH)
Batting: LHB Brad Dyer 0-0: Ball
1-0: Called Strike
1-1: Ball
2-1: Fly out, F8 (Line Drive, 8LD, EV 98.8 MPH)
Runner from 3rd tags up, SCORES, no throw by CF
Batting: RHB Jason Conway 0-0: Swinging Strike
0-1: Called Strike
0-2: Fly out, F9 (Flyball, 9S, EV 89.4 MPH)
Bottom of the 3rd over - 1 run, 1 hit, 0 errors, 0 left on base; Tulsa 0 - Indiana 4
TOP OF THE 4TH
Tulsa Otters batting - Pitching for Indiana Lead Sox : RHP Robert Young
Pitching: RHP Ed Pearce
Batting: RHB Guillermo Dettori 0-0: Foul Ball, location: 2F
0-1: Ball
1-1: Called Strike
1-2: Strikes out looking
Batting: RHB Jeff Weber 0-0: Ball
1-0: Ball
2-0: Ball
3-0: Called Strike
3-1: Fly out, F9 (Flyball, 9S, EV 81.2 MPH)
Batting: LHB Andrew O'Reilly 0-0: Ball
1-0: Foul Ball, location: 2F
1-1: Fly out, F7 (Flyball, 7LS, EV 89.4 MPH)
Top of the 4th over - 0 runs, 0 hits, 0 errors, 0 left on base; Tulsa 0 - Indiana 4
BOTTOM OF THE 4TH
Indiana Lead Sox batting - Pitching for Tulsa Otters : RHP Floyd Emery
Batting: SHB Tom Gray 0-0: Swinging Strike
0-1: Ball
1-1: SINGLE (Line Drive, 4D, EV 98.1 MPH)
Batting: RHB Aimo Joenlahti 0-0: Ball
1-0: Foul Ball, location: 2F
1-1: Swinging Strike
Passed Ball!
Tom Gray to second
1-2: Foul Ball, location: 2F
1-2: Foul Ball, location: 2F
1-2: Ball
2-2: Foul Ball, location: 2F
2-2: Ball
3-2: Ground out 6-3 (Groundball, 6M, EV 81.9 MPH)
Tom Gray to third
Batting: LHB David Graham 0-0: Foul Ball, location: 2F
0-1: Ground out 5-3 (Groundball, 5L, EV 85.6 MPH)
Batting: RHB Corey Joseph 0-0: Ball
1-0: Ball
2-0: Called Strike
2-1: Foul Ball, location: 2F
2-2: Foul Ball, location: 2F
2-2: Ground out 5-3 (Groundball, 56S, EV 64.4 MPH)
Bottom of the 4th over - 0 runs, 1 hit, 0 errors, 1 left on base; Tulsa 0 - Indiana 4
TOP OF THE 5TH
Tulsa Otters batting - Pitching for Indiana Lead Sox : RHP Ed Pearce
Batting: RHB Jack Covas 0-0: Ball
1-0: Ball
2-0: Ball
3-0: Base on Balls
Batting: LHB Andrew Gray 0-0: Grounds into double play, 6-4-3 (Groundball, 6S, EV 88.8 MPH)
Batting: LHB Mike Reynolds 0-0: Ball
1-0: Ball
2-0: DOUBLE (Flyball, 8LXD, EV 95.6 MPH)
Batting: RHB Cédric Dumas 0-0: Ground out 5-3 (Groundball, 5, EV 103.8 MPH)
Top of the 5th over - 0 runs, 1 hit, 0 errors, 1 left on base; Tulsa 0 - Indiana 4
BOTTOM OF THE 5TH
Indiana Lead Sox batting - Pitching for Tulsa Otters : RHP Floyd Emery
Batting: RHB Rich Pope 0-0: Ball
1-0: Ball
2-0: DOUBLE (Flyball, 8LXD, EV 106.2 MPH)
Batting: LHB David Davis 0-0: Ball
1-0: Swinging Strike
1-1: Ball
2-1: Foul Ball, location: 2F
2-2: Ball
3-2: Foul Ball, location: 2F
3-2: Ground out 4-3 (Groundball, 4MS, EV 87.5 MPH)
Rich Pope to third
Batting: RHB John Williams 0-0: Ball
1-0: Ball
2-0: Fly out, F8 (Flyball, 8RM, EV 95.6 MPH)
Batting: LHB Brad Dyer 0-0: Ball
1-0: Ball
2-0: Foul Ball, location: 2F
2-1: Foul Ball, location: 2F
2-2: Ball
3-2: Base on Balls
Pitching: LHP Peter Bradley
Batting: RHB Jason Conway 0-0: Ball
1-0: Ball
2-0: Foul Ball, location: 2F
2-1: Ball
3-1: Base on Balls
Brad Dyer to second
Batting: SHB Tom Gray 0-0: Ball
1-0: Ball
2-0: Called Strike
2-1: Called Strike
2-2: Strikes out looking
Bottom of the 5th over - 0 runs, 1 hit, 0 errors, 3 left on base; Tulsa 0 - Indiana 4
TOP OF THE 6TH
Tulsa Otters batting - Pitching for Indiana Lead Sox : RHP Ed Pearce
Batting: LHB Cisco Gracía 0-0: Ground out U3 (Groundball, 3S, EV 78.1 MPH)
Batting: RHB Chad Brown 0-0: Ball
1-0: Ball
2-0: Foul Ball, location: 2F
2-1: Foul Ball, location: 2F
2-2: Foul Ball, location: 2F
2-2: Reached on error, E2 (Groundball, 2L, EV 63.8 MPH)
Batting: RHB Guillermo Dettori 0-0: Ball
Wild Pitch!
Chad Brown to third
1-0: DOUBLE (Flyball, 8RXD, EV 110.6 MPH)
Chad Brown scores
Batting: RHB Jeff Weber 0-0: Ball
1-0: Fly out, F3 (Popup, 3S, EV 69.4 MPH)
Batting: LHB Andrew O'Reilly 0-0: Ball
1-0: Called Strike
1-1: Foul Ball, location: 2F
1-2: Strikes out looking
Top of the 6th over - 1 run, 1 hit, 1 error, 1 left on base; Tulsa 1 - Indiana 4
BOTTOM OF THE 6TH
Indiana Lead Sox batting - Pitching for Tulsa Otters : LHP Peter Bradley
Batting: RHB Aimo Joenlahti 0-0: Ball
1-0: Ball
2-0: Ball
3-0: Called Strike
3-1: DOUBLE (Line Drive, 7LM, EV 91.9 MPH)
Batting: LHB David Graham 0-0: Bunt missed!
0-1: Sac Bunt to 2R - play at third, runner safe!
Batting: RHB Corey Joseph 0-0: Ball
1-0: Foul Ball, location: 2F
1-1: Foul Ball, location: 2F
1-2: Ball
2-2: SINGLE (Groundball, 6MD, EV 101.9 MPH)
Aimo Joenlahti scores
David Graham to second
Runner from 2nd tries for 3rd, SAFE, throw by CF made to third
Batting: RHB Rich Pope 0-0: Ball
1-0: Ball
2-0: Foul Ball, location: 2F
2-1: Foul Ball, location: 2F
2-2: Foul Ball, location: 2F
2-2: Ball
3-2: Fly out, F7 (Flyball, 7LS, EV 93.8 MPH)
Batting: LHB David Davis 0-0: Called Strike
0-1: Called Strike
0-2: Ball
1-2: Strikes out swinging
Batting: RHB John Williams 0-0: Ground out 5-3 (Groundball, 56S, EV 80.6 MPH)
Bottom of the 6th over - 1 run, 2 hits, 0 errors, 2 left on base; Tulsa 1 - Indiana 5
TOP OF THE 7TH
Tulsa Otters batting - Pitching for Indiana Lead Sox : RHP Ed Pearce
Batting: RHB Jack Covas 0-0: Swinging Strike
0-1: Ball
1-1: Called Strike
1-2: Ball
2-2: Ball
3-2: Foul Ball, location: 2F
3-2: Foul Ball, location: 2F
3-2: Base on Balls
Batting: LHB Andrew Gray 0-0: Called Strike
0-1: Called Strike
0-2: Foul Ball, location: 2F
0-2: Strikes out looking
Batting: LHB Mike Reynolds 0-0: Called Strike
0-1: Foul Ball, location: 2F
0-2: Fly out, F8 (Flyball, 8LD, EV 106.9 MPH)
Batting: RHB Cédric Dumas 0-0: Ball
1-0: Ball
2-0: Swinging Strike
2-1: Fielders Choice at 2nd, 6-4 (Groundball, 6, EV 103.8 MPH)
Top of the 7th over - 0 runs, 0 hits, 0 errors, 1 left on base; Tulsa 1 - Indiana 5
BOTTOM OF THE 7TH
Indiana Lead Sox batting - Pitching for Tulsa Otters : LHP Peter Bradley
Batting: LHB Brad Dyer 0-0: Called Strike
0-1: Foul Ball, location: 2F
0-2: Ball
1-2: Foul Ball, location: 2F
1-2: Ball
2-2: SOLO HOME RUN (Flyball, 89XD, EV 92.5 MPH), Distance : 418 ft
Batting: RHB Jason Conway 0-0: Ball
1-0: Ball
2-0: Called Strike
2-1: SINGLE (Groundball, 6MD, EV 95.0 MPH)
Batting: SHB Tom Gray 0-0: Swinging Strike
0-1: Foul Ball, location: 2F
0-2: Ball
1-2: Ball
2-2: Fly out, F8 (Flyball, 8RS, EV 88.8 MPH)
Pitching: RHP Jing-quo Ts'ai
Batting: RHB Aimo Joenlahti 0-0: Fly out, F9 (Flyball, 89D, EV 101.2 MPH)
Batting: LHB David Graham 0-0: Ball
Jason Conway is caught stealing 2nd base 2-6
Bottom of the 7th over - 1 run, 2 hits, 0 errors, 0 left on base; Tulsa 1 - Indiana 6
TOP OF THE 8TH
Tulsa Otters batting - Pitching for Indiana Lead Sox : RHP Ed Pearce
Batting: LHB Cisco Gracía 0-0: Ground out 2-3 (Groundball, 2R, EV 73.1 MPH)
Batting: RHB Chad Brown 0-0: Ball
1-0: DOUBLE (Groundball, 5L, EV 104.4 MPH)
Pitching: RHP Roland Sheffield
Batting: RHB Guillermo Dettori 0-0: Fly out, F5 (Popup, 25, EV 90.6 MPH)
Batting: RHB Jeff Weber 0-0: Ball
1-0: Ball
2-0: Ball
3-0: Base on Balls
Batting: LHB Andrew O'Reilly 0-0: Ball
1-0: Ball
2-0: Ball
3-0: Called Strike
3-1: Ground out 1-3 (Groundball, P, EV 70.6 MPH)
Top of the 8th over - 0 runs, 1 hit, 0 errors, 2 left on base; Tulsa 1 - Indiana 6
BOTTOM OF THE 8TH
Indiana Lead Sox batting - Pitching for Tulsa Otters : RHP Jing-quo Ts'ai
Batting: LHB David Graham 0-0: Swinging Strike
0-1: Ball
1-1: Ball
2-1: Swinging Strike
2-2: Hit by Pitch
Batting: RHB Corey Joseph 0-0: Called Strike
0-1: Ball
1-1: Called Strike
1-2: Strikes out swinging
Batting: RHB Rich Pope 0-0: Foul Ball, location: 2F
0-1: Foul Ball, location: 2F
0-2: Strikes out swinging
Batting: LHB David Davis 0-0: Ball
1-0: Ball
2-0: Foul Ball, location: 2F
2-1: Called Strike
2-2: Foul Ball, location: 2F
2-2: Strikes out swinging
Bottom of the 8th over - 0 runs, 0 hits, 0 errors, 1 left on base; Tulsa 1 - Indiana 6
TOP OF THE 9TH
Tulsa Otters batting - Pitching for Indiana Lead Sox : RHP Roland Sheffield
Batting: RHB Jack Covas 0-0: Called Strike
0-1: Ball
1-1: Foul Ball, location: 2F
1-2: Ball
2-2: Foul Ball, location: 2F
2-2: Foul Ball, location: 2F
2-2: Ball
3-2: Foul Ball, location: 2F
3-2: Foul Ball, location: 2F
3-2: SOLO HOME RUN (Flyball, 7D, EV 88.1 MPH), Distance : 375 ft
Batting: LHB Andrew Gray 0-0: DOUBLE (Flyball, 8RXD, EV 94.4 MPH)
Batting: LHB Mike Reynolds 0-0: Ball
Passed Ball!
Andrew Gray to third
1-0: Ball
2-0: Ball
3-0: Base on Balls
Pitching: LHP Les Wright
Batting: RHB Cédric Dumas 0-0: SINGLE (Line Drive, 34D, EV 100.0 MPH)
Andrew Gray scores
Mike Reynolds to second
Pinch Hitting: RHB Jason Pruitt 0-0: Called Strike
0-1: Ball
1-1: Ball
2-1: SINGLE (Groundball, 13S, EV 76.9 MPH) (infield hit)
Mike Reynolds to third
Cédric Dumas to second
Batting: RHB Chad Brown 0-0: Ball
1-0: Ball
2-0: Ball
3-0: Called Strike
3-1: Base on Balls
Mike Reynolds scores
Cédric Dumas to third
Jason Pruitt to second
Batting: RHB Guillermo Dettori 0-0: Ball
1-0: Foul Ball, location: 2F
1-1: Fly out, F9 (Flyball, 9LS, EV 91.2 MPH)
Batting: RHB Jeff Weber 0-0: Swinging Strike
0-1: Ball
1-1: SINGLE (Groundball, 6, EV 85.0 MPH) (infield hit)
Cédric Dumas scores
Jason Pruitt to third
Chad Brown to second
Pinch Hitting: RHB Joe Goff 0-0: Ball
1-0: Called Strike
1-1: Ball
2-1: SINGLE (Groundball, 34, EV 103.1 MPH) (infield hit)
Jason Pruitt scores
Chad Brown to third
Jeff Weber to second
Batting: RHB Jack Covas 0-0: Swinging Strike
Passed Ball!
Chad Brown scores
Jeff Weber to third
Joe Goff to second
0-1: Swinging Strike
0-2: Ball
1-2: Strikes out looking
Batting: LHB Andrew Gray 0-0: Fly out, F8 (Flyball, 8LS, EV 91.2 MPH)
Top of the 9th over - 6 runs, 6 hits, 0 errors, 2 left on base; Tulsa 7 - Indiana 6
BOTTOM OF THE 9TH
Indiana Lead Sox batting - Pitching for Tulsa Otters : RHP Jing-quo Ts'ai
Pitching: RHP Kent Woods
Now at 2B: Jason Pruitt
Now in CF: Karl Monks
Batting: RHB John Williams 0-0: Called Strike
0-1: Foul Ball, location: 2F
0-2: Ball
1-2: SINGLE (Groundball, 6MD, EV 105.0 MPH)
Batting: LHB Brad Dyer 0-0: Fielders Choice at 2nd, 3-6 (Groundball, 3, EV 83.8 MPH)
Pinch Hitting: LHB Pat Peterson 0-0: Grounds into double play, 1-4-3 (Groundball, 15S, EV 73.1 MPH)
Bottom of the 9th over - 0 runs, 1 hit, 0 errors, 0 left on base; Tulsa 7 - Indiana 6
Tuesday, January 5th, 2021 - OOTP Baseball 20.8 Build 74